BLB
NEW ORLEANS VOODOO @ INDIANAPOLIS CLOWNS
09/19/2059
 
TOP OF THE 1ST
New Orleans Voodoo batting - Pitching for Indianapolis Clowns : RHP Billy Zook
Pitching: RHP Billy Zook
Batting: LHB Jordy Wovchanoff 0-0: Foul Ball, location: 2F
0-1: Ball
1-1: Foul Ball, location: 2F
1-2: Foul Ball, location: 2F
1-2: Ball
2-2: Strikes out swinging
Batting: SHB Jaden Maldonado 0-0: Ground out U3 (Groundball, 3, EV 100.6 MPH)
Batting: RHB Lon Leseberg 0-0: Foul Ball, location: 2F
0-1: Foul Ball, location: 2F
0-2: Ball
1-2: Foul Ball, location: 2F
1-2: Ball
2-2: Fly out, F4 (Flyball, 3D, EV 92.5 MPH)
Top of the 1st over - 0 runs, 0 hits, 0 errors, 0 left on base; New Orleans 0 - Indianapolis 0
BOTTOM OF THE 1ST
Indianapolis Clowns batting - Pitching for New Orleans Voodoo : LHP Payton Durst
Pitching: LHP Payton Durst
Batting: RHB Tom Holderness 0-0: Ball
1-0: Called Strike
1-1: Swinging Strike
1-2: Ball
2-2: Foul Ball, location: 2F
2-2: Ball
3-2: Foul Ball, location: 2F
3-2: Base on Balls
Batting: RHB Isaac Rowe 0-0: Called Strike
0-1: Called Strike
0-2: Strikes out swinging
Batting: RHB Lee Vincent 0-0: Swinging Strike
0-1: Grounds into double play, 3-6-3 (Groundball, 3, EV 98.8 MPH)
Bottom of the 1st over - 0 runs, 0 hits, 0 errors, 0 left on base; New Orleans 0 - Indianapolis 0
TOP OF THE 2ND
New Orleans Voodoo batting - Pitching for Indianapolis Clowns : RHP Billy Zook
Batting: LHB Devin Welninski 0-0: Ball
1-0: Ball
2-0: Ball
3-0: Called Strike
3-1: Fly out, F8 (Flyball, 8LD, EV 91.2 MPH)
Batting: LHB Tuck Vrsek 0-0: Ball
1-0: Ball
2-0: Foul Ball, location: 2F
2-1: Ball
3-1: Fly out, F7 (Flyball, 7D, EV 101.2 MPH)
Batting: RHB Peyton Ames 0-0: Ball
1-0: Fly out, F8 (Flyball, 8RXD, EV 103.1 MPH)
Top of the 2nd over - 0 runs, 0 hits, 0 errors, 0 left on base; New Orleans 0 - Indianapolis 0
BOTTOM OF THE 2ND
Indianapolis Clowns batting - Pitching for New Orleans Voodoo : LHP Payton Durst
Batting: LHB Sean Hayward 0-0: Ball
1-0: Ball
2-0: Called Strike
2-1: Swinging Strike
2-2: Strikes out swinging
Batting: RHB Bryant Francis 0-0: Called Strike
0-1: Ball
1-1: Foul Ball, location: 2F
1-2: Ball
2-2: Ball
3-2: Foul Ball, location: 2F
3-2: Strikes out looking
Batting: RHB Jett Speer 0-0: Foul Ball, location: 2F
0-1: Fly out, F9 (Flyball, 9, EV 96.2 MPH)
Bottom of the 2nd over - 0 runs, 0 hits, 0 errors, 0 left on base; New Orleans 0 - Indianapolis 0
TOP OF THE 3RD
New Orleans Voodoo batting - Pitching for Indianapolis Clowns : RHP Billy Zook
Batting: RHB Tyson Dodd 0-0: Called Strike
0-1: Ball
1-1: Foul Ball, location: 2F
1-2: Ground out U3 (Groundball, 3L, EV 93.1 MPH)
Batting: RHB Kip Clark 0-0: Ball
1-0: Ball
2-0: Ball
3-0: Called Strike
3-1: Base on Balls
Batting: RHB Seth Floyd 0-0: Ball
1-0: Foul Ball, location: 2F
1-1: Fly out, F8 (Flyball, 8RD, EV 100.0 MPH)
Batting: LHB Jordy Wovchanoff 0-0: Ball
1-0: Ball
2-0: Called Strike
2-1: Ball
3-1: Called Strike
3-2: Strikes out swinging
Top of the 3rd over - 0 runs, 0 hits, 0 errors, 1 left on base; New Orleans 0 - Indianapolis 0
BOTTOM OF THE 3RD
Indianapolis Clowns batting - Pitching for New Orleans Voodoo : LHP Payton Durst
Batting: RHB Sean Barrett 0-0: Foul Ball, location: 2F
0-1: Ball
1-1: Called Strike
1-2: Fly out, F7 (Flyball, 7, EV 97.5 MPH)
Batting: RHB Ashby Ellis 0-0: Called Strike
0-1: Ball
1-1: Swinging Strike
1-2: Foul Ball, location: 2F
1-2: Strikes out swinging
Batting: RHB Jared Bradley 0-0: Fly out, F7 (Line Drive, 7, EV 103.8 MPH)
Bottom of the 3rd over - 0 runs, 0 hits, 0 errors, 0 left on base; New Orleans 0 - Indianapolis 0
TOP OF THE 4TH
New Orleans Voodoo batting - Pitching for Indianapolis Clowns : RHP Billy Zook
Batting: SHB Jaden Maldonado 0-0: Ball
1-0: Foul Ball, location: 2F
1-1: Foul Ball, location: 2F
1-2: Strikes out swinging
Batting: RHB Lon Leseberg 0-0: Ball
1-0: Foul Ball, location: 2F
1-1: Foul Ball, location: 2F
1-2: Ball
2-2: Ball
3-2: Strikes out swinging
Batting: LHB Devin Welninski 0-0: Ball
1-0: Called Strike
1-1: Called Strike
1-2: SINGLE (Line Drive, 56D, EV 98.1 MPH)
Batting: LHB Tuck Vrsek 0-0: Foul Ball, location: 2F
0-1: Ground out 4-3 (Groundball, 4, EV 100.0 MPH)
Top of the 4th over - 0 runs, 1 hit, 0 errors, 1 left on base; New Orleans 0 - Indianapolis 0
BOTTOM OF THE 4TH
Indianapolis Clowns batting - Pitching for New Orleans Voodoo : LHP Payton Durst
Batting: RHB Tom Holderness 0-0: Called Strike
0-1: Ball
1-1: Ball
2-1: SINGLE (Line Drive, 3D, EV 96.9 MPH)
Batting: RHB Isaac Rowe 0-0: Called Strike
0-1: Grounds into double play, 4-6-3 (Groundball, 4S, EV 88.1 MPH)
Batting: RHB Lee Vincent 0-0: Ball
1-0: Ball
2-0: Ball
3-0: Foul Ball, location: 2F
3-1: Called Strike
3-2: Base on Balls
Batting: LHB Sean Hayward 0-0: Called Strike
0-1: Ball
1-1: SINGLE (Line Drive, 34D, EV 101.9 MPH)
Lee Vincent to second
Batting: RHB Bryant Francis 0-0: Ball
Wild Pitch!
Lee Vincent to third
Sean Hayward to second
1-0: Ball
2-0: Foul Ball, location: 2F
2-1: Foul Ball, location: 2F
2-2: Ball
3-2: Foul Ball, location: 2F
3-2: Fly out, F8 (Flyball, 8RM, EV 78.8 MPH)
Bottom of the 4th over - 0 runs, 2 hits, 0 errors, 2 left on base; New Orleans 0 - Indianapolis 0
TOP OF THE 5TH
New Orleans Voodoo batting - Pitching for Indianapolis Clowns : RHP Billy Zook
Batting: RHB Peyton Ames 0-0: Foul Ball, location: 2F
0-1: Ball
1-1: Swinging Strike
1-2: SOLO HOME RUN (Flyball, 7D, EV 96.9 MPH), Distance : 370 ft
Batting: RHB Tyson Dodd 0-0: Ball
1-0: Ball
2-0: Fly out, F9 (Flyball, 89M, EV 94.4 MPH)
Batting: RHB Kip Clark 0-0: Called Strike
0-1: Foul Ball, location: 2F
0-2: Strikes out swinging
Batting: RHB Seth Floyd 0-0: Ball
1-0: Called Strike
1-1: Ball
2-1: Called Strike
2-2: Foul Ball, location: 2F
2-2: Foul Ball, location: 2F
2-2: Ball
3-2: Foul Ball, location: 9LSF, Error on foul ball, E9
3-2: SINGLE (Groundball, 4MD, EV 96.9 MPH)
Batting: LHB Jordy Wovchanoff 0-0: Ball
1-0: Called Strike
1-1: Called Strike
Seth Floyd steals 2nd base
1-2: Foul Ball, location: 2F
1-2: Ground out U3 (Groundball, 34S, EV 91.9 MPH)
Top of the 5th over - 1 run, 2 hits, 1 error, 1 left on base; New Orleans 1 - Indianapolis 0
BOTTOM OF THE 5TH
Indianapolis Clowns batting - Pitching for New Orleans Voodoo : LHP Payton Durst
Batting: RHB Jett Speer 0-0: Ball
1-0: Foul Ball, location: 2F
1-1: Ball
2-1: Swinging Strike
2-2: Foul Ball, location: 2F
2-2: Ball
3-2: Foul Ball, location: 2F
3-2: Foul Ball, location: 2F
3-2: DOUBLE (Flyball, 89XD, EV 110.0 MPH)
Batting: RHB Sean Barrett 0-0: Called Strike
0-1: Ball
1-1: Swinging Strike
1-2: Ball
2-2: SINGLE (Groundball, 56S, EV 64.4 MPH) (infield hit)
Jett Speer to third
Batting: RHB Ashby Ellis 0-0: Called Strike
0-1: Swinging Strike
0-2: Ball
1-2: Foul Ball, location: 2F
1-2: Strikes out looking
Batting: RHB Jared Bradley 0-0: Foul Ball, location: 2F
0-1: Foul Ball, location: 2F
0-2: Ball
1-2: Foul Ball, location: 2F
1-2: Foul Ball, location: 2F
1-2: Fielders Choice at 2nd, 6-4 (Groundball, 6, EV 81.9 MPH)
Jett Speer scores
Batting: RHB Tom Holderness 0-0: Ball
Passed Ball!
Jared Bradley to second
1-0: Foul Ball, location: 2F
1-1: DOUBLE (Groundball, 5L, EV 100.6 MPH)
Jared Bradley scores
Batting: RHB Isaac Rowe 0-0: Fly out, F8 (Flyball, 8LM, EV 92.5 MPH)
Bottom of the 5th over - 2 runs, 3 hits, 0 errors, 1 left on base; New Orleans 1 - Indianapolis 2
TOP OF THE 6TH
New Orleans Voodoo batting - Pitching for Indianapolis Clowns : RHP Billy Zook
Batting: SHB Jaden Maldonado 0-0: Ball
1-0: Called Strike
1-1: Ball
2-1: Ball
3-1: Base on Balls
Batting: RHB Lon Leseberg 0-0: Called Strike
0-1: Called Strike
0-2: Fielders Choice at 2nd, 5-4 (Groundball, 56, EV 105.0 MPH)
Batting: LHB Devin Welninski 0-0: Ball
1-0: Called Strike
1-1: Ball
Lon Leseberg steals 2nd base
2-1: Foul Ball, location: 2F
2-2: Foul Ball, location: 2F
2-2: Fly out, F7 (Flyball, 78XD, EV 88.8 MPH)
Runner from 2nd tags up, SAFE at 3rd, no throw by LF
Pitching: RHP Kristofer Humberto
Batting: LHB Tuck Vrsek 0-0: Called Strike
0-1: Fly out, F5 (Line Drive, 5, EV 69.4 MPH)
Top of the 6th over - 0 runs, 0 hits, 0 errors, 1 left on base; New Orleans 1 - Indianapolis 2
BOTTOM OF THE 6TH
Indianapolis Clowns batting - Pitching for New Orleans Voodoo : LHP Payton Durst
Batting: RHB Lee Vincent 0-0: SINGLE (Groundball, 6D, EV 103.1 MPH)
Batting: LHB Sean Hayward 0-0: Foul Ball, location: 2F
0-1: Ball
1-1: Ball
2-1: Ball
3-1: Swinging Strike
3-2: Fly out, F7 (Line Drive, 7, EV 95.0 MPH)
Pitching: LHP Max Biggers
Batting: RHB Bryant Francis 0-0: Ball
1-0: Ball
2-0: Ball
3-0: Called Strike
3-1: Swinging Strike
3-2: Foul Ball, location: 2F
3-2: Base on Balls
Lee Vincent to second
Batting: RHB Jett Speer 0-0: Swinging Strike
0-1: Called Strike
0-2: Ball
1-2: Ball
2-2: Ball
3-2: Base on Balls
Lee Vincent to third
Bryant Francis to second
Batting: RHB Sean Barrett 0-0: Foul Ball, location: 2F
0-1: Ball
1-1: Ball
2-1: Fly out, F8 (Flyball, 8LM, EV 89.4 MPH)
Runner from 3rd tags up, OUT at HOME! 8-2
Bottom of the 6th over - 0 runs, 1 hit, 0 errors, 2 left on base; New Orleans 1 - Indianapolis 2
TOP OF THE 7TH
New Orleans Voodoo batting - Pitching for Indianapolis Clowns : RHP Kristofer Humberto
Batting: RHB Peyton Ames 0-0: Called Strike
0-1: Ball
1-1: Swinging Strike
1-2: Ball
2-2: Ball
3-2: Fly out, F8 (Flyball, 8LXD, EV 98.8 MPH)
Batting: RHB Tyson Dodd 0-0: Ball
1-0: Called Strike
1-1: Swinging Strike
1-2: Ball
2-2: Strikes out looking
Batting: RHB Kip Clark 0-0: Ball
1-0: Swinging Strike
1-1: Ball
2-1: Ground out 4-3 (Groundball, 4, EV 103.1 MPH)
Top of the 7th over - 0 runs, 0 hits, 0 errors, 0 left on base; New Orleans 1 - Indianapolis 2
BOTTOM OF THE 7TH
Indianapolis Clowns batting - Pitching for New Orleans Voodoo : LHP Max Biggers
Batting: RHB Ashby Ellis 0-0: Foul Ball, location: 2F
0-1: Ball
1-1: Fly out, F8 (Flyball, 8LD, EV 98.1 MPH)
Batting: RHB Jared Bradley 0-0: Called Strike
0-1: Fly out, F7 (Flyball, 7D, EV 86.9 MPH)
Batting: RHB Tom Holderness 0-0: Ball
1-0: Foul Ball, location: 2F
1-1: Ball
2-1: Ball
3-1: Base on Balls
Batting: RHB Isaac Rowe 0-0: Called Strike
0-1: Fielders Choice at 2nd, 6-4 (Groundball, 6, EV 86.2 MPH)
Bottom of the 7th over - 0 runs, 0 hits, 0 errors, 1 left on base; New Orleans 1 - Indianapolis 2
TOP OF THE 8TH
New Orleans Voodoo batting - Pitching for Indianapolis Clowns : RHP Kristofer Humberto
Pitching: RHP Joey Fleury
Pinch Hitting: LHB Daryl Walken 0-0: Ball
1-0: Foul Ball, location: 2F
1-1: Foul Ball, location: 2F
1-2: Ground out 4-3 (Groundball, 4, EV 86.9 MPH)
Batting: LHB Jordy Wovchanoff 0-0: Ball
1-0: Ground out 4-3 (Groundball, 4, EV 83.1 MPH)
Batting: SHB Jaden Maldonado 0-0: Ball
1-0: SINGLE (Line Drive, 89M, EV 88.1 MPH)
Batting: RHB Lon Leseberg 0-0: SINGLE (Line Drive, 34D, EV 106.9 MPH)
Jaden Maldonado to second
Batting: LHB Devin Welninski 0-0: Called Strike
0-1: Called Strike
0-2: Fly out, F7 (Flyball, 78XD, EV 76.9 MPH)
Top of the 8th over - 0 runs, 2 hits, 0 errors, 2 left on base; New Orleans 1 - Indianapolis 2
BOTTOM OF THE 8TH
Indianapolis Clowns batting - Pitching for New Orleans Voodoo : LHP Max Biggers
Pitching: RHP Kaleb Mannino
Now at SS: Dane Jennings
Batting: RHB Lee Vincent 0-0: Called Strike
0-1: Foul Ball, location: 2F
0-2: SOLO HOME RUN (Flyball, 9D, EV 96.2 MPH), Distance : 355 ft
Batting: LHB Sean Hayward 0-0: Ball
1-0: Foul Ball, location: 2F
1-1: Ball
2-1: Foul Ball, location: 2F
2-2: Foul Ball, location: 2F
2-2: Foul Ball, location: 2F
2-2: Foul Ball, location: 2F
2-2: Foul Ball, location: 2F
2-2: Ground out 4-3 (Groundball, 4D, EV 103.1 MPH)
Batting: RHB Bryant Francis 0-0: Called Strike
0-1: Ball
1-1: Ball
2-1: Swinging Strike
2-2: Foul Ball, location: 2F
2-2: Strikes out looking
Batting: RHB Jett Speer 0-0: Called Strike
0-1: DOUBLE (Flyball, 89XD, EV 91.2 MPH)
Batting: RHB Sean Barrett 0-0: Ball
1-0: Called Strike
1-1: Foul Ball, location: 2F
1-2: Ball
2-2: SINGLE (Groundball, 6D, EV 94.4 MPH)
Jett Speer to third
Runner from 3rd tries for Home, SAFE, throw by LF to home
Sean Barrett to second
Batting: RHB Ashby Ellis 0-0: Ball
1-0: Foul Ball, location: 2F
1-1: Ball
2-1: Foul Ball, location: 2F
2-2: Ball
3-2: Ground out 6-3 (Groundball, 56, EV 81.2 MPH)
Bottom of the 8th over - 2 runs, 3 hits, 0 errors, 1 left on base; New Orleans 1 - Indianapolis 4
TOP OF THE 9TH
New Orleans Voodoo batting - Pitching for Indianapolis Clowns : RHP Joey Fleury
Batting: LHB Tuck Vrsek 0-0: Foul Ball, location: 2F
0-1: Called Strike
0-2: Ground out 5-3 (Groundball, 56, EV 83.1 MPH)
Batting: RHB Peyton Ames 0-0: Ball
1-0: Swinging Strike
1-1: Called Strike
1-2: DOUBLE (Line Drive, 5D, EV 96.9 MPH)
Batting: RHB Tyson Dodd 0-0: Ball
1-0: Foul Ball, location: 2F
1-1: Ball
2-1: Ball
3-1: Base on Balls
Batting: RHB Kip Clark 0-0: Ball
1-0: Foul Ball, location: 2F
1-1: Called Strike
1-2: Ball
2-2: DOUBLE (Groundball, 5L, EV 103.8 MPH)
Peyton Ames scores
Tyson Dodd to third
Batting: RHB Dane Jennings 0-0: Fly out, F7 (Flyball, 7LS, EV 93.8 MPH)
Pitching: LHP Denver Benson
Pinch Hitting: RHB Dez Swanson 0-0: Foul Ball, location: 2F
0-1: Called Strike
0-2: Ball
1-2: Ball
2-2: Ball
3-2: SINGLE (Line Drive, 8LS, EV 108.1 MPH)
Tyson Dodd scores
Kip Clark to third
Runner from 3rd tries for Home, SAFE, throw by CF to home
Batting: SHB Jaden Maldonado 0-0: Foul Ball, location: 2F
0-1: Ball
1-1: Ball
2-1: Called Strike
2-2: Ball
3-2: Strikes out swinging, 2-3 out at first.
Top of the 9th over - 3 runs, 3 hits, 0 errors, 1 left on base; New Orleans 4 - Indianapolis 4
BOTTOM OF THE 9TH
Indianapolis Clowns batting - Pitching for New Orleans Voodoo : RHP Kaleb Mannino
Now in LF: Darrin Cramer
Pinch Hitting: LHB Grady Faulkner 0-0: Foul Ball, location: 2F
0-1: Foul Ball, location: 2F
0-2: Ball
1-2: SINGLE (Groundball, 34D, EV 100.0 MPH)
Batting: RHB Tom Holderness 0-0: Ball
1-0: Fielders Choice at 2nd, 3-6 (Groundball, 34S, EV 80.0 MPH)
Pinch Hitting: LHB Delano Hurme 0-0: Called Strike
Tom Holderness steals 2nd base
0-1: Ground out 4-3 (Groundball, 34, EV 86.2 MPH)
Tom Holderness to third
Batting: RHB Lee Vincent 0-0: Called Strike
0-1: Called Strike
0-2: Ball
1-2: Foul Ball, location: 2F
1-2: Ball
2-2: Strikes out swinging
Bottom of the 9th over - 0 runs, 1 hit, 0 errors, 1 left on base; New Orleans 4 - Indianapolis 4
TOP OF THE 10TH
New Orleans Voodoo batting - Pitching for Indianapolis Clowns : LHP Denver Benson
Now at 2B: Blaise McFarland
Now at SS: Mick Ubaya
Batting: RHB Lon Leseberg 0-0: Called Strike
0-1: Ball
1-1: Ball
2-1: Ball
3-1: Called Strike
3-2: Strikes out swinging
Batting: LHB Devin Welninski 0-0: Ball
1-0: Foul Ball, location: 2F
1-1: DOUBLE (Line Drive, 3D, EV 96.2 MPH)
Batting: LHB Tuck Vrsek 0-0: Called Strike
0-1: Ball
Devin Welninski is caught stealing 3rd base 2-5
1-1: Ball
2-1: Foul Ball, location: 2F
2-2: Ball
3-2: Ground out U3 (Groundball, 3, EV 90.6 MPH)
Top of the 10th over - 0 runs, 1 hit, 0 errors, 0 left on base; New Orleans 4 - Indianapolis 4
BOTTOM OF THE 10TH
Indianapolis Clowns batting - Pitching for New Orleans Voodoo : RHP Kaleb Mannino
Pitching: LHP Harrison Ford
Batting: LHB Sean Hayward 0-0: Ball
1-0: Fly out, F8 (Flyball, 8RD, EV 96.9 MPH)
Pitching: LHP Clinton Yates
Batting: RHB Bryant Francis 0-0: Called Strike
0-1: Foul Ball, location: 2F
0-2: Ball
1-2: Ball
2-2: Ball
3-2: Foul Ball, location: 2F
3-2: Base on Balls
Batting: RHB Jett Speer 0-0: Foul Ball, location: 2F
0-1: Called Strike
0-2: Foul Ball, location: 2F
0-2: Ball
1-2: Foul Ball, location: 2F
1-2: Ball
2-2: Ball
3-2: DOUBLE (Flyball, 8LXD, EV 105.6 MPH)
Bryant Francis to third
Batting: RHB Sean Barrett 0-0: Ball
1-0: Ball
2-0: Fly out, F4 (Popup, 13, EV 77.5 MPH)
Batting: RHB Ashby Ellis 0-0: Called Strike
0-1: Ball
1-1: Ball
2-1: Ground out 6-3 (Groundball, 6, EV 90.6 MPH)
Bottom of the 10th over - 0 runs, 1 hit, 0 errors, 2 left on base; New Orleans 4 - Indianapolis 4
TOP OF THE 11TH
New Orleans Voodoo batting - Pitching for Indianapolis Clowns : LHP Denver Benson
Batting: RHB Peyton Ames 0-0: Ground out 5-3 (Groundball, 56S, EV 75.0 MPH)
Batting: RHB Tyson Dodd 0-0: Fly out, F6 (Popup, 5D, EV 50.6 MPH)
Batting: RHB Kip Clark 0-0: Called Strike
0-1: Ball
1-1: Called Strike
1-2: Ball
2-2: Strikes out swinging
Top of the 11th over - 0 runs, 0 hits, 0 errors, 0 left on base; New Orleans 4 - Indianapolis 4
BOTTOM OF THE 11TH
Indianapolis Clowns batting - Pitching for New Orleans Voodoo : LHP Clinton Yates
Pitching: RHP Jonah Gower
Batting: RHB Blaise McFarland 0-0: Foul Ball, location: 2F
0-1: Ball
1-1: Swinging Strike
1-2: Ball
2-2: Strikes out swinging
Batting: RHB Tom Holderness 0-0: Ball
1-0: Fly out, F9 (Flyball, 9D, EV 100.0 MPH)
Batting: RHB Mick Ubaya 0-0: Ball
1-0: Ball
2-0: Ball
3-0: Called Strike
3-1: Ground out 6-3 (Groundball, 6M, EV 90.6 MPH)
Bottom of the 11th over - 0 runs, 0 hits, 0 errors, 0 left on base; New Orleans 4 - Indianapolis 4
TOP OF THE 12TH
New Orleans Voodoo batting - Pitching for Indianapolis Clowns : LHP Denver Benson
Pitching: RHP Garrick Tso
Batting: RHB Dane Jennings 0-0: SINGLE (Line Drive, 8LS, EV 107.5 MPH)
Batting: RHB Darrin Cramer 0-0: Ball
1-0: Ball
2-0: Ball
Dane Jennings steals 2nd base
3-0: Base on Balls
Batting: SHB Jaden Maldonado 0-0: Ball
1-0: Foul Ball, location: 2F
1-1: Foul Ball, location: 2F
1-2: Ball
2-2: Foul Ball, location: 2F
2-2: Ball
3-2: DOUBLE (Flyball, 7LD, EV 106.9 MPH)
Dane Jennings scores
Darrin Cramer to third
Batting: RHB Lon Leseberg 0-0: Ball
1-0: SINGLE (Groundball, 56D, EV 92.5 MPH) (infield hit)
Darrin Cramer scores
Jaden Maldonado to third
Batting: LHB Devin Welninski 0-0: Called Strike
0-1: Called Strike
0-2: Foul Ball, location: 2F
0-2: Ball
1-2: Foul Ball, location: 2F
1-2: SINGLE (Groundball, 34D, EV 106.2 MPH)
Jaden Maldonado scores
Lon Leseberg to second
Runner from 2nd tries for 3rd, SAFE, throw by RF made to third
Batting: LHB Tuck Vrsek 0-0: Ball
1-0: Swinging Strike
1-1: Reached on error, E9 (Line Drive, 9, EV 98.1 MPH)
Lon Leseberg scores
Devin Welninski to third
Pitching: RHP Donovan Hicks
Batting: RHB Peyton Ames 0-0: Ball
1-0: Called Strike
1-1: Ball
2-1: Called Strike
2-2: Ground out U3 (Groundball, 3L, EV 106.2 MPH)
Batting: RHB Tyson Dodd 0-0: Ball
1-0: Ball
2-0: Called Strike
2-1: Foul Ball, location: 2F
2-2: Ball
3-2: Foul Ball, location: 2F
3-2: Strikes out looking
Batting: RHB Kip Clark 0-0: Ball
1-0: Ground out 4-3 (Groundball, 4, EV 85.0 MPH)
Top of the 12th over - 4 runs, 4 hits, 1 error, 2 left on base; New Orleans 8 - Indianapolis 4
BOTTOM OF THE 12TH
Indianapolis Clowns batting - Pitching for New Orleans Voodoo : RHP Jonah Gower
Batting: RHB Lee Vincent 0-0: Ball
1-0: SINGLE (Flyball, 56D, EV 96.2 MPH) - OUT at second base trying to stretch hit.
Batting: LHB Sean Hayward 0-0: Foul Ball, location: 2F
0-1: Ball
1-1: Swinging Strike
1-2: Foul Ball, location: 2F
1-2: Ball
2-2: Ball
3-2: Foul Ball, location: 2F
3-2: Base on Balls
Batting: RHB Bryant Francis 0-0: Ball
1-0: Ball
2-0: Ball
3-0: Base on Balls
Sean Hayward to second
Batting: RHB Jett Speer 0-0: Called Strike
0-1: Foul Ball, location: 2F
0-2: Ball
1-2: Ball
2-2: Ball
3-2: Fly out, F8 (Flyball, 8RM, EV 78.1 MPH)
Batting: RHB Sean Barrett 0-0: Called Strike
0-1: Swinging Strike
0-2: Ball
1-2: Ball
2-2: Foul Ball, location: 2F
2-2: DOUBLE (Flyball, 89XD, EV 97.5 MPH)
Sean Hayward scores
Bryant Francis to third
Batting: RHB Ashby Ellis 0-0: Called Strike
0-1: Foul Ball, location: 2F
0-2: Foul Ball, location: 2F
0-2: Ball
1-2: SINGLE (Groundball, 34D, EV 97.5 MPH)
Bryant Francis scores
Sean Barrett to third
Batting: RHB Blaise McFarland 0-0: Called Strike
0-1: Foul Ball, location: 2F
0-2: Foul Ball, location: 2F
0-2: Ball
1-2: Fielders Choice at 2nd, 6-4 (Groundball, 56, EV 89.4 MPH)
Bottom of the 12th over - 2 runs, 3 hits, 0 errors, 2 left on base; New Orleans 8 - Indianapolis 6
Tuesday, April 2nd , 2024 - OOTP Baseball 23.10 Build 110